 Dungeon Crawl Stone Soup version 0.21.1-1-g345015f (webtiles) character file.

332 KisMax48 the Slasher (level 6, -6/56 HPs)
             Began as a Minotaur Fighter on May 5, 2018.
             Splashed by Ijyb's acid (12 damage)
             ... on level 4 of the Dungeon.
             The game lasted 00:11:44 (3028 turns).

KisMax48 the Slasher (Minotaur Fighter)             Turns: 3028, Time: 00:11:45

Health: -6/56      AC:  3    Str: 21    XL:     6   Next: 26%
Magic:  5/5        EV:  8    Int:  5    God:
Gold:   166        SH: 10    Dex: 11    Spells: 5/5 levels left

rFire    . . .     SeeInvis .   a - +0 long sword
rCold    . . .     Gourm    .   c - +0 shield
rNeg     . . .     Faith    .   b - +0 scale mail
rPois    .         Spirit   .   (helmet restricted)
rElec    .         Reflect  .   (no cloak)
rCorr    .         Harm     .   (no gloves)
MR       .....                  (no boots)
Stlth    ..........             (no amulet)
HPRegen  0.18/turn              (no ring)
MPRegen  0.09/turn              (no ring)

@: corroded
A: retaliatory headbutt, horns 2
a: no special abilities


You were on level 4 of the Dungeon.
You were not hungry.

You visited 1 branch of the dungeon, and saw 4 of its levels.

You collected 166 gold pieces.

Inventory:

Hand Weapons
 a - a +0 long sword (weapon)
Armour
 b - a +0 scale mail (worn)
 c - a +0 shield (worn)
Jewellery
 l - a +3 ring of evasion {unknown}
Scrolls
 i - 3 scrolls of identify {unknown}
 j - a scroll of fog {unknown}
 k - a scroll of magic mapping {unknown}
 m - a scroll of teleportation {unknown}
 r - a scroll of enchant weapon {unknown}
 s - a scroll of amnesia {unknown}
 t - a scroll of remove curse {unknown}
 u - a scroll of fear {unknown}
 v - a scroll of immolation {unknown}
Potions
 d - a potion of might
 e - a potion of agility {unknown}
 f - a potion of lignification {unknown}
 g - a potion of cancellation {unknown}
 h - 2 potions of curing {unknown}
 n - a potion of brilliance {unknown}
 o - 2 potions of mutation {unknown}
 p - a potion of heal wounds {unknown}
 q - a potion of resistance {unknown}
Comestibles
 w - a ration


   Skills:
 + Level 5.0 Fighting
 + Level 5.3 Long Blades
 + Level 4.4 Armour
 + Level 1.6 Dodging
 + Level 5.0 Shields


You had 5 spell levels left.
You didn't know any spells.

Dungeon Overview and Level Annotations

Branches:
Dungeon (4/15)
 Temple: D:4-7

Altars:

Annotations:
D:4 Ijyb


Innate Abilities, Weirdness & Mutations

You reflexively headbutt those who attack you in melee.
You have a pair of horns on your head.


Message History

You block the orc's attack.
You hit the orc but do no damage. Your headbutt misses the orc.
The orc is severely wounded.
The orc barely misses you.
You hit the orc.
You kill the orc!
Things that are here:
a quarterstaff; an orc corpse
Found 6 gold pieces.
Ijyb the Twisted Goblin comes into view.
She is wielding a dagger.
Ijyb shouts!
Ijyb zaps a wand.
The bolt of acid hits you! The acid corrodes you!
You are splashed with acid!
The acid burns!
It is a wand of acid (4).
You see here 6 gold pieces.
You block Ijyb's attack.
You closely miss Ijyb. You headbutt Ijyb, but do no damage.
Ijyb zaps a wand.
The bolt of acid hits you!
* * * LOW HITPOINT WARNING * * *
You are splashed with acid!
The acid burns!
You die...

....# #.......
....###.......
............ #.........
. #.......#
..########.......#######
.................#......
........................
.......@$.####...#......
.#.....g....#....#....).
#..........#....#......
#..........#....######.
............#....##.....
.................#....))
...######.#.#.....#.....
... ...#.....#......
...#.#.#.#.#.#.


You could see Ijyb.

Vanquished Creatures
  2 howler monkeys (D:4)
  An orc wizard (D:4)
  3 worker ants
  6 adders
  2 oozes
  An adder zombie (D:3)
  A worm (D:2)
  4 dart slugs
  5 leopard geckos
  4 orcs
  7 bats
  A giant cockroach (D:4)
  8 goblins
  7 hobgoblins
  3 jackals (D:2)
  A quokka (D:2)
  6 frilled lizards
  5 kobolds
  9 rats
76 creatures vanquished.

Notes
Turn   | Place    | Note
-------+----------+-------------------------------------------
     0 | D:1      | KisMax48 the Minotaur Fighter began the quest for the Orb.
     0 | D:1      | Reached XP level 1. HP: 19/19 MP: 0/0
   161 | D:1      | Reached XP level 2. HP: 27/27 MP: 1/1
   720 | D:2      | Reached XP level 3. HP: 33/33 MP: 2/2
  1107 | D:2      | Found a faded altar of an unknown god.
  1273 | D:2      | Reached skill level 1 in Dodging
  1652 | D:3      | Reached XP level 4. HP: 40/40 MP: 3/3
  2216 | D:3      | Reached XP level 5. HP: 43/47 MP: 4/4
  2875 | D:4      | Reached skill level 5 in Long Blades
  2881 | D:4      | Reached skill level 5 in Fighting
  2881 | D:4      | Reached XP level 6. HP: 56/56 MP: 5/5
  2999 | D:4      | Reached skill level 5 in Shields
  3023 | D:4      | Noticed Ijyb
  3028 | D:4      | Splashed by Ijyb's acid

Skill      XL: |  1  2  3  4  5  6 |
---------------+-------------------+-----
Fighting       | 4 5 |  5.0
Armour         | 4 |  4.4
Long Blades    | 3 4 5 |  5.3
Shields        | 4 5 |  5.0
Dodging        | 1 |  1.6

Action                   |  1- 3 |  4- 6 || total
-------------------------+-------+-------++-------
Melee: Long sword        |    96 |    89 ||   185
       Headbutt          |    24 |    14 ||    38
  Eat: Ration            |     1 |     1 ||     2
Armor: Scale mail        |    55 |    40 ||    95
Dodge: Dodged            |    41 |    32 ||    73
Block: Shield            |    67 |    51 ||   118
       Rpst.: Long sword |     6 |     8 ||    14
